 Dungeon Crawl Stone Soup version 0.32-a0-607-g64ea0e4219 (webtiles) character file.

Game seed: 18218864095738604848

260 dolemite99 the Digger (level 6, -1/44 HPs)
             Began as a Gnoll Earth Elementalist on Mar 4, 2024.
             Slain by a gnoll
             ... wielding a +0 spear of venom
              (8 damage)
             ... on level 5 of the Dungeon.
             The game lasted 00:02:12 (2076 turns).

dolemite99 the Digger (Gnoll Earth Elementalist)    Turns: 2076, Time: 00:02:13

Health: -1/44      AC:  2    Str:  7    XL:     6   Next: 17%
Magic:  11/14      EV: 13    Int: 16    God:
Gold:   67         SH:  0    Dex: 13    Spells: 11/15 levels left

rFire   + . .        a - +0 sling (flame)
rCold   . . .        (no shield)
rNeg    . . .        e - +0 robe
rPois   .            (no helmet)
rElec   .            (no cloak)
rCorr   .            (no gloves)
SInv    .            (no boots)
Will    .....        (no amulet)
Stlth   +++          g - ring of protection from fire
HPRegen 0.27/turn    (no ring)
MPRegen 0.14/turn

%: no passive effects
@: lethally poisoned (-1 -> -4)
A: fangs 1, strong nose, distributed training
a: no special abilities


You were on level 5 of the Dungeon.
You visited 1 branch of the dungeon, and saw 5 of its levels.

You collected 67 gold pieces.

Inventory:

Hand Weapons
 a - a +0 sling of flaming (weapon)
 c - a +0 dagger
 h - a +0 dagger of pain
Missiles
 o - 4 poisoned darts
Armour
 e - a +0 robe (worn)
Jewellery
 g - a ring of protection from fire (left hand)
 m - a ring of wizardry
Scrolls
 j - a scroll of identify {@r1}
 k - a scroll of amnesia
 n - a scroll of fear {unknown}
 p - a scroll of noise {unknown}
Potions
 b - a potion of magic
 d - a potion of curing {unknown}
 f - a potion of ambrosia {unknown}
 i - a potion of invisibility {unknown}
 l - a potion of lignification {unknown}


   Skills:
 + Level 1.9 Fighting
 + Level 1.9 Short Blades
 + Level 1.9 Long Blades
 + Level 1.9 Axes
 + Level 1.9 Maces & Flails
 + Level 1.9 Polearms
 + Level 1.9 Staves
 + Level 1.9 Ranged Weapons
 + Level 1.9 Throwing
 + Level 1.9 Armour
 + Level 5.0 Dodging
 + Level 4.6 Stealth
 + Level 1.9 Shields
 + Level 1.9 Unarmed Combat
 + Level 5.3 Spellcasting
 + Level 2.6 Conjurations
 + Level 1.5 Hexes
 + Level 1.5 Summonings
 + Level 1.5 Necromancy
 + Level 1.5 Translocations
 + Level 1.5 Fire Magic
 + Level 1.5 Ice Magic
 + Level 1.5 Air Magic
 + Level 5.6 Earth Magic
 + Level 1.5 Alchemy
 + Level 2.1 Invocations
 + Level 1.9 Evocations
 + Level 1.7 Shapeshifting


You had 11 spell levels left.
You knew the following spells:

 Your Spells              Type           Power      Damage    Failure   Level
a - Sandblast             Erth           44%        2d11      1%          1
b - Stone Arrow           Conj/Erth      34%        3d9       9%          3

Your spell library contained the following spells:

 Spells                   Type           Power      Damage    Failure   Level
 Passwall                 Erth           22%        N/A       4%          3
 Brom's Barrelling Bould  Conj/Erth      17%        2d4       26%         4
 Petrify                  Alch/Erth      15%        N/A       32%         4


Dungeon Overview and Level Annotations

Branches:
Dungeon (6/15)
 Temple: D:4-7

Altars:

Annotations:
D:2 Sigmund


Innate Abilities, Weirdness & Mutations

You have very sharp teeth.
Your uncanny sense of smell can sniff out nearby items.
Your experience applies equally to all skills.


Message History

Press: ? - help, Shift-Dir - straight line, f - hound
Aim: a hound (76% to hit)
The blast of sand hits the hound!
The hound is heavily wounded.
The hound misses you. The hound bites you but does no damage.
Casting: Sandblast (safe; 1% risk of failure)
Confirm with . or Enter, or press ? or * to list all spells.
Aiming: Sandblast (safe; 1% risk of failure)
Press: ? - help, Shift-Dir - straight line, f/p - hound
Aim: a hound (heavily wounded, 76% to hit)
The blast of sand hits the hound but does no damage.
The hound is heavily wounded.
The hound bites you. The hound misses you. The hound closely misses you.
Casting: Sandblast (safe; 1% risk of failure)
Confirm with . or Enter, or press ? or * to list all spells.
Aiming: Sandblast (safe; 1% risk of failure)
Press: ? - help, Shift-Dir - straight line, f/p - hound
Aim: a hound (heavily wounded, 76% to hit)
The blast of sand hits the hound!
The hound is almost dead.
The hound bites you. x2
The gnoll hits you from afar with a +0 spear of venom.
You are poisoned.
You feel very sick. The hound closely misses you.
You feel sick. The hound attacks as it pursues you! The hound bites you.
The gnoll attacks as it pursues you!
The gnoll hits you from afar with a +0 spear of venom!
You feel sick. The hound bites you.
* * * LOW HITPOINT WARNING * * *
Casting: Sandblast (safe; 1% risk of failure)
Confirm with . or Enter, or press ? or * to list all spells.
Aiming: Sandblast (safe; 1% risk of failure)
Press: ? - help, Shift-Dir - straight line, f/p - hound
Aim: a hound (almost dead, 76% to hit)
The blast of sand hits the hound!
You kill the hound!
You feel very sick.
The gnoll hits you from afar with a +0 spear of venom!
You die...

### ..#
#.############
#.##.......@.#
#.##.#######.#
#........# #g# #
#.##.###.# #.# ##
#.##.# #.# #.#
.#####.##.###.###.#
#......##.....g...#
.###.########.#####
## #.# #.#


You could see a gnoll.

Vanquished Creatures
  An ogre (D:5)
  3 hounds
  3 iguanas
  A dart slug (D:1)
  2 bats (D:1)
  3 endoplasms
  3 giant cockroaches
  A goblin (D:1)
  3 hobgoblins
  2 kobolds (D:1)
  5 quokkas (D:1)
  4 ball pythons (D:1)
  3 frilled lizards (D:1)
  5 rats
39 creatures vanquished.

Notes
Turn   | Place    | Note
-------+----------+-------------------------------------------
     0 | D:1      | dolemite99 the Gnoll Earth Elementalist began the quest for
                  | the Orb.
     0 | D:1      | Reached XP level 1. HP: 13/13 MP: 6/6
   148 | D:1      | Reached XP level 2. HP: 19/19 MP: 5/7
   758 | D:1      | Reached skill level 5 in Spellcasting
   758 | D:1      | Reached XP level 3. HP: 25/25 MP: 5/9
  1072 | D:2      | Reached skill level 1 in Invocations
  1142 | D:2      | Noticed Sigmund
  1165 | D:3      | You fall into a shaft and drop 3 floors!
  1559 | D:6      | Reached skill level 1 in Fighting
  1559 | D:6      | Reached skill level 1 in Short Blades
  1559 | D:6      | Reached skill level 1 in Long Blades
  1559 | D:6      | Reached skill level 1 in Axes
  1559 | D:6      | Reached skill level 1 in Maces & Flails
  1559 | D:6      | Reached skill level 1 in Polearms
  1559 | D:6      | Reached skill level 1 in Staves
  1559 | D:6      | Reached skill level 1 in Ranged Weapons
  1559 | D:6      | Reached skill level 1 in Throwing
  1559 | D:6      | Reached skill level 1 in Armour
  1559 | D:6      | Reached skill level 1 in Shields
  1559 | D:6      | Reached skill level 1 in Unarmed Combat
  1559 | D:6      | Reached skill level 1 in Evocations
  1559 | D:6      | Reached skill level 1 in Shapeshifting
  1559 | D:6      | Reached XP level 4. HP: 23/32 MP: 4/11
  1564 | D:6      | Reached skill level 1 in Hexes
  1564 | D:6      | Reached skill level 1 in Summonings
  1564 | D:6      | Reached skill level 1 in Necromancy
  1564 | D:6      | Reached skill level 1 in Translocations
  1564 | D:6      | Reached skill level 1 in Fire Magic
  1564 | D:6      | Reached skill level 1 in Ice Magic
  1564 | D:6      | Reached skill level 1 in Air Magic
  1564 | D:6      | Reached skill level 1 in Alchemy
  1673 | D:6      | Reached XP level 5. HP: 33/37 MP: 9/12
  1698 | D:6      | Learned a level 3 spell: Stone Arrow
  1764 | D:6      | Noticed a two-headed ogre
  1777 | D:5      | Entered Level 5 of the Dungeon
  1779 | D:5      | Noticed an ogre
  1783 | D:5      | Killed an ogre
  1784 | D:5      | Reached XP level 6. HP: 28/44 MP: 8/14
  2021 | D:5      | Reached skill level 5 in Dodging
  2076 | D:5      | Slain by a gnoll

Illustrated notes

Levels and vault maps discovered:
D:1:      scummos_arrival_simple_fountains, layout_loops_ring,
          corexii_hall_statues_t
D:2:      layout_basic, minmay_tree_intersection, uniq_sigmund
D:3:      layout_basic, shapermc_ecumenical_altar_totnotflames
D:5:      layout_loops_corners, nicolae_uskayaw_murder_on_the_dancefloor
D:6:      layout_loops_ring

Skill      XL: |  1  2  3  4  5  6 |
---------------+-------------------+-----
Conjurations   | 2 |  2.6
Spellcasting   | 5 |  5.3
Invocations    | 1 2 |  2.1
Fighting       | 1 |  1.9
Short Blades   | 1 |  1.9
Long Blades    | 1 |  1.9
Axes           | 1 |  1.9
Maces & Flails | 1 |  1.9
Polearms       | 1 |  1.9
Staves         | 1 |  1.9
Ranged Weapons | 1 |  1.9
Throwing       | 1 |  1.9
Armour         | 1 |  1.9
Shields        | 1 |  1.9
Unarmed Combat | 1 |  1.9
Evocations     | 1 |  1.9
Shapeshifting  | 1 |  1.7
Hexes          | 1 |  1.5
Summonings     | 1 |  1.5
Necromancy     | 1 |  1.5
Translocations | 1 |  1.5
Fire Magic     | 1 |  1.5
Ice Magic      | 1 |  1.5
Air Magic      | 1 |  1.5
Alchemy        | 1 |  1.5
Dodging        | 5 |  5.0
Stealth        | |  4.6
Earth Magic    | |  5.6

Action                     |  1- 3 |  4- 6 || total
---------------------------+-------+-------++-------
  Melee: Dagger            |    10 |       ||    10
   Fire: Sling             |    19 |     5 ||    24
   Cast: Sandblast         |    34 |    19 ||    53
    Use: Scroll            |     5 |     1 ||     6
 Armour: Robe              |    25 |    14 ||    39
  Dodge: Dodged            |    23 |    18 ||    41

Table legend: (Time is in decaauts)
 A = Elapsed time spent in this place.
 B = Non-inter-level travel time spent in this place.
 C = Inter-level travel time spent in this place.
 D = Time resting spent in this place.
 E = Time spent auto-exploring this place.
 F = Levels seen in this place.
 G = Mean time per level.
                   A        B        C        D        E       F      G
               +--------+--------+--------+--------+--------+-----+--------+
         Total |   2107 |   2068 |     39 |    847 |    861 |   5 |  421.4 |
       Dungeon |   2107 |   2068 |     39 |    847 |    861 |   5 |  421.4 |
               +--------+--------+--------+--------+--------+-----+--------+

Top non-repeatable levels by time:
     D:1: 1053 daAuts
     D:6: 617 daAuts
     D:5: 305 daAuts
     D:2: 124 daAuts
     D:3: 6 daAuts
